 Dungeon Crawl Stone Soup version 0.31.0-11-ge490571c62 (webtiles) character file.

Game seed: 7301241102419269160

819 RancidPinata the Covert (level 7, -3/50 HPs)
             Began as an Octopode Delver on Feb 9, 2024.
             Engulfed by a steam dragon's steam (9 damage)
             ... on level 5 of the Dungeon.
             The game lasted 00:14:14 (5084 turns).

RancidPinata the Covert (Octopode Delver)           Turns: 5084, Time: 00:14:15

Health: -3/50      AC:  1    Str: 12    XL:     7   Next: 95%
Magic:  7/7        EV: 15    Int: 12    God:
Gold:   331        SH:  5    Dex: 15    Spells: 6/6 levels left

rFire   . . .        s - +0 rapier
rCold   . . .        (no shield)
rNeg    . . .        (helmet restricted)
rPois   .            q - amulet of reflection
rElec   .            (no ring)
rCorr   .            (no ring)
SInv    .            (no ring)
Will    .....        (no ring)
Stlth   +++++        (no ring)
HPRegen 0.28/turn    (no ring)
MPRegen 0.10/turn    (no ring)
                     (no ring)

%: reflection
@: no status effects
A: almost no armour, amphibious, 8 rings, camouflage 1, gelatinous body 1,
(nimble swimmer 1), tentacles
a: no special abilities


You were on level 5 of the Dungeon.
You visited 2 branches of the dungeon, and saw 7 of its levels.

You collected 331 gold pieces.

Inventory:

Hand Weapons
 a - a +0 short sword
 m - a +1 dagger of draining
 s - a +0 rapier (weapon)
Missiles
 k - 41 stones (quivered)
Armour
 u - a +0 kite shield
Jewellery
 h - a ring of protection from cold
 q - an amulet of reflection (around mantle)
 r - a ring of flight
Wands
 f - a wand of digging (3)
 w - a wand of flame (5)
 x - a wand of charming (10)
Scrolls
 b - a scroll of fog
 c - a scroll of revelation
 g - 2 scrolls of identify {unknown}
 i - 5 scrolls of noise {unknown}
 j - 3 scrolls of teleportation {unknown}
 l - 2 scrolls of amnesia {unknown}
 v - a scroll of blinking {unknown}
 y - a scroll of brand weapon {unknown}
Potions
 e - a potion of haste
 n - a potion of resistance {unknown}
 o - a potion of brilliance {unknown}
 p - a potion of curing {unknown}
 t - a potion of berserk rage {unknown}


   Skills:
 * Level 5.5 Fighting
 + Level 3.8 Short Blades
 * Level 4.8 Dodging
 * Level 9.3 Stealth


You had 6 spell levels left.
You didn't know any spells.
Your spell library contained the following spells:

 Spells                   Type           Power      Damage    Failure   Level
 Summon Ice Beast         Ice/Summ       0%         N/A       69%         3
 Summon Mana Viper        Hex/Summ       0%         N/A       100%        5
 Monstrous Menagerie      Summ           0%         N/A       100%        7


Dungeon Overview and Level Annotations

Branches:
Dungeon (6/15)             Temple (1/1) D:4

Altars:
Dithmenos
Fedhas
Gozag
Hepliaklqana
Kikubaaqudgha
Makhleb
Okawaru
Qazlal
Ru
Sif Muna
Trog
Uskayaw
Xom
Zin
The Shining One


Innate Abilities, Weirdness & Mutations

You cannot wear most types of armour.
You are amphibious.
You can wear up to eight rings at the same time.
Your skin changes colour to match your surroundings (Stealth+).
Your rubbery body absorbs attacks. (AC +1, EV +1)
((You are camouflaged when in or above water. (Stealth+)))
You have tentacles for arms and can constrict up to eight enemies at once.


Message History

As you read the scroll of fear, it crumbles to dust.
You assume a fearsome visage.
The orc priest looks frightened!
There is a stone staircase leading up here.
You climb upwards.
Reactivating autopickup.
There is a stone staircase leading down here.
You start resting.
HP restored.
You climb downwards.
There is a stone staircase leading up here.
There is a stone staircase leading up here.
You start waiting.
A steam dragon is nearby!
You hit the steam dragon.
You squeeze the steam dragon, but do no damage.
The steam dragon is lightly wounded.
The steam dragon bites you. The steam dragon closely misses you.
You hit the steam dragon but do no damage.
Your squeeze misses the steam dragon.
The steam dragon is lightly wounded.
The steam dragon bites you. The steam dragon closely misses you.
You hit the steam dragon. Your squeeze misses the steam dragon.
The steam dragon is moderately wounded.
The steam dragon misses you. The steam dragon claws you.
You hit the steam dragon but do no damage.
Your squeeze misses the steam dragon.
The steam dragon is moderately wounded.
The steam dragon breathes steam at you. The ball of steam hits you!!
You hit the steam dragon.
The steam dragon is heavily wounded.
You are engulfed in a cloud of scalding steam.
* * * LOW HITPOINT WARNING * * *
The steam dragon closely misses you. The steam dragon claws you.
* * * LOW HITPOINT WARNING * * *
You hit the steam dragon but do no damage.
Your squeeze misses the steam dragon.
The steam dragon is heavily wounded.
You are engulfed in a cloud of scalding steam.
You die...

# #...#.#.######.##.......... #
##.#......# #)#........... #
#.#....#.####)#........... ##
#.####<#...[..#.##.####... .#
#......###....#.##.# #.#< .#
######.# #.##.#.##.# #...
.########## #.# #.##.#.##.# ###.
...)......# #.###ยง##....#.# #.
..........# #...@....#..#.# #.
........D)#######D...#..#.######.
.#########)...D......#...........
.# ##.[.....####.##.......... .#
#........##..............# ##
#........##.#.##........
#.#########.#.##........ #.#
#.#.##........
#.#########.#.##........


You could see a steam dragon (catching breath).

Vanquished Creatures
  Sigmund (D:2)
  An ice beast (D:5)
  A howler monkey (D:3)
  2 hounds
  2 orc priests
  3 orc wizards
  Terence (D:1)
  An iguana (D:4)
  Robin (D:2)
  11 gnolls
  6 adders
  10 orcs
  4 ball pythons
  2 bats (D:3)
  12 endoplasms
  2 giant cockroaches
  18 goblins
  8 hobgoblins
  5 kobolds
  3 quokkas
  5 frilled lizards
  16 rats
  A butterfly (D:4)
116 creatures vanquished.

Notes
Turn   | Place    | Note
-------+----------+-------------------------------------------
     0 | D:5      | RancidPinata the Octopode Delver began the quest for the
                  | Orb.
     0 | D:5      | Reached XP level 1. HP: 16/16 MP: 1/1
    65 | D:6      | Noticed a hound
   102 | D:5      | Noticed a jelly
   168 | D:6      | Noticed an iguana
   195 | D:5      | Noticed a quasit
   195 | D:5      | Noticed a quasit
   286 | D:4      | Reached XP level 2. HP: 6/21 MP: 2/2
   438 | D:4      | Found a shimmering blue altar of Sif Muna.
   491 | D:4      | Reached skill level 7 in Stealth
   491 | D:4      | Reached XP level 3. HP: 26/26 MP: 3/3
   510 | D:4      | Reached XP level 4. HP: 32/32 MP: 4/4
   624 | D:4      | Found a shadowy altar of Dithmenos.
   678 | D:4      | Reached XP level 5. HP: 37/37 MP: 5/5
   792 | D:4      | Found a staircase to the Ecumenical Temple.
   799 | Temple   | Entered the Ecumenical Temple
  1343 | D:3      | Reached XP level 6. HP: 43/43 MP: 6/6
  1506 | D:3      | Reached skill level 8 in Stealth
  1514 | D:3      | Found a faded altar of an unknown god.
  1825 | D:3      | Found an ancient bone altar of Kikubaaqudgha.
  2145 | D:2      | Noticed Robin
  2156 | D:2      | Found Meuxextu's Jewellery Shop.
  2284 | D:2      | Noticed Terence
  2314 | D:2      | Killed Robin
  2397 | D:2      | Noticed Sigmund
  3598 | D:1      | Killed Terence
  3812 | D:2      | Killed Sigmund
  3813 | D:2      | Reached skill level 5 in Fighting
  3813 | D:2      | Reached XP level 7. HP: 48/50 MP: 7/7
  4205 | D:5      | Reached skill level 9 in Stealth
  4860 | D:5      | Noticed a steam dragon
  5084 | D:5      | Engulfed by a steam dragon's steam

Illustrated notes

Levels and vault maps discovered:
D:1:      ncdulo_halloftheorcs, layout_basic
D:2:      layout_basic, serial_shops, shop, minmay_misc_feat_ornament,
          uniq_robin, uniq_terence, uniq_sigmund
D:3:      minmay_wonky_spiral, layout_loops_ring, lemuel_doored_altar,
          dreamdust_ecumenical_altar_grove, kennysheep_generic_room_5
D:4:      layout_basic, hellmonk_sif_muna_bookshelves,
          grunt_dithmenos_smoke_and_mirrors, minmay_temple_entry_butterflies
D:5:      cheibrodos_quashed, layout_basic
D:6:      layout_basic, elyvilon_altar_1
Temple:   nicolae_temple_no_exploring_needed

Skill      XL: |  1  2  3  4  5  6  7 |
---------------+----------------------+-----
Stealth        | 7 8 9 |  9.3
Dodging        | 3 4 |  4.8
Fighting       | 4 5 |  5.5
Short Blades   | 3 |  3.8

Action                     |  1- 3 |  4- 6 |  7- 9 || total
---------------------------+-------+-------+-------++-------
  Melee: Short sword       |    15 |    21 |       ||    36
         Constrict         |     1 |    36 |    16 ||    53
         Dagger            |       |    94 |       ||    94
         Tentacles         |       |    30 |    20 ||    50
         Punch             |       |     2 |     2 ||     4
         Rapier            |       |    36 |    78 ||   114
    Use: Scroll            |       |       |     1 ||     1
   Stab: Sleeping          |     6 |    27 |     1 ||    34
         Distracted        |       |     1 |     2 ||     3
 Armour: Skin              |     3 |    35 |    43 ||    81
  Dodge: Dodged            |     3 |    78 |    31 ||   112
  Block: Other             |       |    12 |    11 ||    23
